 Dungeon Crawl Stone Soup version 0.30-b1-2-g02819fbbbe (webtiles) character file.

Game seed: 5110739945258822956

10 Alarkh the Trooper (level 2, 24/24 HPs)
             Began as a Demonspawn Chaos Knight on May 21, 2023.
             Was a Plaything of Xom.
             Got out of the dungeon alive.
             The game lasted 00:00:33 (487 turns).

Alarkh the Trooper (Demonspawn Chaos Knight)         Turns: 487, Time: 00:00:34

Health: 24/24      AC:  5    Str: 12    XL:     2   Next: 10%
Magic:  2/2        EV: 11    Int: 13    God:    Xom [..*...]
Gold:   64         SH:  0    Dex: 12    Spells: 1/1 levels left

rFire   . . .        (no weapon)
rCold   . . .        (no shield)
rNeg    . . .        b - +2 leather armour
rPois   .            (no helmet)
rElec   .            (no cloak)
rCorr   .            (no gloves)
SInv    .            (no boots)
Will    .....        (no amulet)
Stlth   +            (no ring)
HPRegen 0.24/turn    (no ring)
MPRegen 0.08/turn

%: no passive effects
@: no status effects
A: claws 1
a: Renounce Religion


You escaped.
You worshipped Xom.
You were a toy of Xom.
You visited 1 branch of the dungeon, and saw 1 of its levels.

You collected 64 gold pieces.

Inventory:

Hand Weapons
 a - a +0 falchion of chaos
Armour
 b - a +2 leather armour (worn)
Scrolls
 d - a scroll of magic mapping {unknown}
 f - a scroll of immolation {unknown}
 g - a scroll of noise {unknown}
 h - 2 scrolls of identify {unknown}
Potions
 e - 2 potions of curing {unknown}
Miscellaneous
 c - a piece from Xom's chessboard (15/15) (quivered)


   Skills:
 + Level 3.1 Fighting
 * Level 3.0 Long Blades
 - Level 1.7 Armour
 + Level 1.1 Dodging


You had one spell level left.
You didn't know any spells.
Your spell library contained the following spells:

 Spells                   Type           Power      Damage    Failure   Level
 Freeze                   Ice            0%         1d3       36%         1
 Frozen Ramparts          Ice            0%         1d1       75%         3
 Hailstorm                Conj/Ice       0%         3d3       75%         3


Dungeon Overview and Level Annotations

Branches:
Dungeon (1/15)

Altars:


Innate Abilities, Weirdness & Mutations

You have sharp fingernails.


Message History

A hobgoblin is nearby!
A hobgoblin is nearby!
The hobgoblin shouts!
Found a sapphire potion.
You barely miss the hobgoblin. The hobgoblin barely misses you.
You closely miss the hobgoblin.
The hobgoblin hits you but does no damage.
You barely miss the hobgoblin. The hobgoblin hits you.
You barely miss the hobgoblin. The hobgoblin barely misses you.
You closely miss the hobgoblin. The hobgoblin barely misses you. x2
You closely miss the hobgoblin. The hobgoblin barely misses you.
You closely miss the hobgoblin. The hobgoblin barely misses you.
You hit the hobgoblin.
You feel better.
The hobgoblin is severely wounded.
The hobgoblin hits you.
You hit the hobgoblin.
You kill the hobgoblin!
No target in view!
No target in view!
No target in view!
No target in view!
h - a scroll labelled SUYSAM GAUZ
h - 2 scrolls labelled SUYSAM GAUZ (gained 1)
You pick up a book of Frost and begin reading...
You add the spells Freeze, Frozen Ramparts and Hailstorm to your library.
e - 2 sapphire potions (gained 1)
Found a stone staircase leading down.
You now have 64 gold pieces (gained 15).
Found a pair of gloves.
You see here a +0 pair of gloves.
Found a stone staircase leading down.
Unknown command.
You are now empty-clawed.
Unknown command.
There is an open door here.
You enter the shallow water.
Moving in this stuff is going to be slow.
There is a staircase leading out of the dungeon here.
Are you sure you want to leave the Dungeon?
This will make you lose the game!
You have escaped!

#################
#≈≈≈≈≈≈≈≈≈≈≈≈≈≈≈#
#≈≈≈≈≈.....≈≈≈≈≈#########
#≈≈....~~~....≈≈#........
#≈...~~~.~~~...≈#........
#≈..~~..@.~~~...'........
#≈...~~~.~~~...≈#........
#≈≈....~~~....≈≈#........
#≈≈≈≈≈.....≈≈≈≈≈#........
#≈≈≈≈≈≈≈.≈≈≈≈≈≈≈####...#.
########.######## ##...#.
####..# ######....#.
#....######....#....##
#....###.......#....#


There were no monsters in sight!

Vanquished Creatures
  A ball python (D:1)
  2 endoplasms (D:1)
  2 hobgoblins (D:1)
  A quokka (D:1)
  A bat (D:1)
  A kobold (D:1)
  A rat (D:1)
9 creatures vanquished.

Notes
Turn   | Place    | Note
-------+----------+-------------------------------------------
     0 | D:1      | Alarkh the Demonspawn Chaos Knight began the quest for the
                  | Orb.
     0 | D:1      | Reached XP level 1. HP: 18/18 MP: 1/1
    42 | D:1      | XOM: butterfly on damage
    76 | D:1      | Reached skill level 1 in Dodging
   259 | D:1      | Gained mutation: You have sharp fingernails. [demonic
                  | ancestry]
   259 | D:1      | Reached XP level 2. HP: 24/24 MP: 2/2
   487 | D:$      | Got out of the dungeon alive.

Illustrated notes

Levels and vault maps discovered:
D:1:      dpeg_arrival_shrine, layout_basic,
          ebering_ecumenical_altar_sacrificial

Skill      XL: |  1 |
---------------+----+-----
Dodging        | 1 |  1.1
Long Blades    | 3 |  3.0
Fighting       | |  3.1
Armour         | |  1.7

Action                     || total
---------------------------++-------
  Melee: Falchion          ||    34
 Armour: Leather armour    ||     8
  Dodge: Dodged            ||    23
